Workbook

Sheet Assumptions
A1: HearsayOnlineCo — Model Assumptions
A3: Company Overview
B4: FY 2024 | C4: FY 2025E | D4: FY 2026E | E4: FY 2027E | F4: FY 2028E | G4: FY 2029E
A5: Total Revenue ($M) | B5: 800 | C5: 1000 | D5: 1250 | E5: 1530 | F5: 1855 | G5: 2218
A6: Revenue Growth Rate | B6: - | C6: =(C5-B5)/B5 -> 0.25 | D6: =(D5-C5)/C5 -> 0.25 | E6: =(E5-D5)/D5 -> 0.224 | F6: =(F5-E5)/E5 -> 0.2124183 | G6: =(G5-F5)/F5 -> 0.19568733
A8: Customer Acquisition Assumptions
B9: FY 2024 | C9: FY 2025E | D9: FY 2026E | E9: FY 2027E | F9: FY 2028E | G9: FY 2029E
A10: New Customers Acquired | B10: 120000 | C10: 150000 | D10: 180000 | E10: 200000 | F10: 215000 | G10: 225000
A11: Sales & Marketing Spend ($M) | B11: 80 | C11: 120 | D11: 140 | E11: 155 | F11: 165 | G11: 172
A12: CAC ($) | B12: =B11*1000000/B10 -> 666.66667 | C12: =C11*1000000/C10 -> 800 | D12: =D11*1000000/D10 -> 777.77778 | E12: =E11*1000000/E10 -> 775 | F12: =F11*1000000/F10 -> 767.44186 | G12: =G11*1000000/G10 -> 764.44444
A13: Avg. Time to First Purchase (days) | B13: 45 | C13: 40 | D13: 35 | E13: 30 | F13: 28 | G13: 25
A15: Retention & Revenue Assumptions
B16: FY 2024 | C16: FY 2025E | D16: FY 2026E | E16: FY 2027E | F16: FY 2028E | G16: FY 2029E
A17: Annual Retention Rate | B17: 0.68 | C17: 0.7 | D17: 0.72 | E17: 0.74 | F17: 0.76 | G17: 0.78
A18: Avg. Annual Revenue / Customer ($) | B18: 320 | C18: 340 | D18: 360 | E18: 380 | F18: 400 | G18: 420
A19: Avg. Customer Lifetime (years) | B19: =1/(1-B17) -> 3.125 | C19: =1/(1-C17) -> 3.3333333 | D19: =1/(1-D17) -> 3.5714286 | E19: =1/(1-E17) -> 3.8461538 | F19: =1/(1-F17) -> 4.1666667 | G19: =1/(1-G17) -> 4.5454545
A20: Gross Margin | B20: 0.72 | C20: 0.73 | D20: 0.74 | E20: 0.75 | F20: 0.76 | G20: 0.77
A21: Discount Rate (WACC) | B21: 0.12 | C21: 0.12 | D21: 0.12 | E21: 0.12 | F21: 0.12 | G21: 0.12
A24: Legend
A25: ■ Blue text = Hardcoded inputs (editable)
A26: ■ Black text = Calculated (formula)
A27: ■ Yellow highlight = Key assumptions

Sheet CAC & LTV Analysis
A1: HearsayOnlineCo — CAC & LTV Analysis
B3: FY 2024 | C3: FY 2025E | D3: FY 2026E | E3: FY 2027E | F3: FY 2028E | G3: FY 2029E
A4: Customer Acquisition Cost (CAC)
A5: Sales & Marketing Spend ($M) | B5: =Assumptions!B11 -> 80 | C5: =Assumptions!C11 -> 120 | D5: =Assumptions!D11 -> 140 | E5: =Assumptions!E11 -> 155 | F5: =Assumptions!F11 -> 165 | G5: =Assumptions!G11 -> 172
A6: New Customers Acquired | B6: =Assumptions!B10 -> 120000 | C6: =Assumptions!C10 -> 150000 | D6: =Assumptions!D10 -> 180000 | E6: =Assumptions!E10 -> 200000 | F6: =Assumptions!F10 -> 215000 | G6: =Assumptions!G10 -> 225000
A7: Customer Acquisition Cost (CAC) | B7: =Assumptions!B12 -> 666.66667 | C7: =Assumptions!C12 -> 800 | D7: =Assumptions!D12 -> 777.77778 | E7: =Assumptions!E12 -> 775 | F7: =Assumptions!F12 -> 767.44186 | G7: =Assumptions!G12 -> 764.44444
A9: Customer Lifetime Value (LTV)
A10: Annual Retention Rate | B10: =Assumptions!B17 -> 0.68 | C10: =Assumptions!C17 -> 0.7 | D10: =Assumptions!D17 -> 0.72 | E10: =Assumptions!E17 -> 0.74 | F10: =Assumptions!F17 -> 0.76 | G10: =Assumptions!G17 -> 0.78
A11: Avg. Annual Revenue / Customer ($) | B11: =Assumptions!B18 -> 320 | C11: =Assumptions!C18 -> 340 | D11: =Assumptions!D18 -> 360 | E11: =Assumptions!E18 -> 380 | F11: =Assumptions!F18 -> 400 | G11: =Assumptions!G18 -> 420
A12: Avg. Customer Lifetime (years) | B12: =Assumptions!B19 -> 3.125 | C12: =Assumptions!C19 -> 3.3333333 | D12: =Assumptions!D19 -> 3.5714286 | E12: =Assumptions!E19 -> 3.8461538 | F12: =Assumptions!F19 -> 4.1666667 | G12: =Assumptions!G19 -> 4.5454545
A13: Gross Margin | B13: =Assumptions!B20 -> 0.72 | C13: =Assumptions!C20 -> 0.73 | D13: =Assumptions!D20 -> 0.74 | E13: =Assumptions!E20 -> 0.75 | F13: =Assumptions!F20 -> 0.76 | G13: =Assumptions!G20 -> 0.77
A14: Discount Rate (WACC) | B14: =Assumptions!B21 -> 0.12 | C14: =Assumptions!C21 -> 0.12 | D14: =Assumptions!D21 -> 0.12 | E14: =Assumptions!E21 -> 0.12 | F14: =Assumptions!F21 -> 0.12 | G14: =Assumptions!G21 -> 0.12
A15: LTV (Discounted) | B15: =B11*B13/(1+B14-B10) -> 523.63636 | C15: =C11*C13/(1+C14-C10) -> 590.95238 | D15: =D11*D13/(1+D14-D10) -> 666 | E15: =E11*E13/(1+E14-E10) -> 750 | F15: =F11*F13/(1+F14-F10) -> 844.44444 | G15: =G11*G13/(1+G14-G10) -> 951.17647
A17: LTV : CAC Ratio & Unit Economics
A18: LTV : CAC Ratio | B18: =B15/B7 -> 0.78545455 | C18: =C15/C7 -> 0.73869048 | D18: =D15/D7 -> 0.85628571 | E18: =E15/E7 -> 0.96774194 | F18: =F15/F7 -> 1.1003367 | G18: =G15/G7 -> 1.2442715
A19: CAC Payback (months) | B19: =B7/(B11/12*B13)*12 -> 416.66667 | C19: =C7/(C11/12*C13)*12 -> 464.14182 | D19: =D7/(D11/12*D13)*12 -> 420.42042 | E19: =E7/(E11/12*E13)*12 -> 391.57895 | F19: =F7/(F11/12*F13)*12 -> 363.52509 | G19: =G7/(G11/12*G13)*12 -> 340.38343
A20: Net Value per Customer ($) | B20: =B15-B7 -> -143.0303 | C20: =C15-C7 -> -209.04762 | D20: =D15-D7 -> -111.77778 | E20: =E15-E7 -> -25 | F20: =F15-F7 -> 77.002584 | G20: =G15-G7 -> 186.73203

Sheet Growth & Retention
A1: HearsayOnlineCo — Customer Growth & Retention
B3: FY 2024 | C3: FY 2025E | D3: FY 2026E | E3: FY 2027E | F3: FY 2028E | G3: FY 2029E
A4: Customer Base
A5: Beginning of Year Customers | B5: 350000 | C5: =B8 -> 358000 | D5: =C8 -> 400600 | E5: =D8 -> 468432 | F5: =E8 -> 546639.68 | G5: =F8 -> 630446.16
A6: (+) New Customers Acquired | B6: =Assumptions!B10 -> 120000 | C6: =Assumptions!C10 -> 150000 | D6: =Assumptions!D10 -> 180000 | E6: =Assumptions!E10 -> 200000 | F6: =Assumptions!F10 -> 215000 | G6: =Assumptions!G10 -> 225000
A7: (-) Churned Customers | B7: =B5*(1-Assumptions!B17) -> 112000 | C7: =C5*(1-Assumptions!C17) -> 107400 | D7: =D5*(1-Assumptions!D17) -> 112168 | E7: =E5*(1-Assumptions!E17) -> 121792.32 | F7: =F5*(1-Assumptions!F17) -> 131193.52 | G7: =G5*(1-Assumptions!G17) -> 138698.15
A8: End of Year Customers | B8: =B5+B6-B7 -> 358000 | C8: =C5+C6-C7 -> 400600 | D8: =D5+D6-D7 -> 468432 | E8: =E5+E6-E7 -> 546639.68 | F8: =F5+F6-F7 -> 630446.16 | G8: =G5+G6-G7 -> 716748
A10: Growth & Churn Metrics
A11: Net Customer Growth | B11: =B6-B7 -> 8000 | C11: =C6-C7 -> 42600 | D11: =D6-D7 -> 67832 | E11: =E6-E7 -> 78207.68 | F11: =F6-F7 -> 83806.477 | G11: =G6-G7 -> 86301.846
A12: Customer Base Growth Rate | B12: - | C12: =(C8-B8)/B8 -> 0.11899441 | D12: =(D8-C8)/C8 -> 0.16932601 | E12: =(E8-D8)/D8 -> 0.16695631 | F12: =(F8-E8)/E8 -> 0.1533121 | G12: =(G8-F8)/F8 -> 0.13689011
A13: Annual Churn Rate | B13: =1-Assumptions!B17 -> 0.32 | C13: =1-Assumptions!C17 -> 0.3 | D13: =1-Assumptions!D17 -> 0.28 | E13: =1-Assumptions!E17 -> 0.26 | F13: =1-Assumptions!F17 -> 0.24 | G13: =1-Assumptions!G17 -> 0.22
A14: Annual Retention Rate | B14: =Assumptions!B17 -> 0.68 | C14: =Assumptions!C17 -> 0.7 | D14: =Assumptions!D17 -> 0.72 | E14: =Assumptions!E17 -> 0.74 | F14: =Assumptions!F17 -> 0.76 | G14: =Assumptions!G17 -> 0.78
A15: Monthly Churn Rate | B15: =1-(1-B13)^(1/12) -> 0.031627586 | C15: =1-(1-C13)^(1/12) -> 0.02928553 | D15: =1-(1-D13)^(1/12) -> 0.02700403 | E15: =1-(1-E13)^(1/12) -> 0.024779901 | F15: =1-(1-F13)^(1/12) -> 0.022610207 | G15: =1-(1-G13)^(1/12) -> 0.020492234
A17: Revenue Bridge
A18: Revenue — Retained Customers ($M) | B18: =B5*Assumptions!B17*Assumptions!B18/1000000 -> 76.16 | C18: =C5*Assumptions!C17*Assumptions!C18/1000000 -> 85.204 | D18: =D5*Assumptions!D17*Assumptions!D18/1000000 -> 103.83552 | E18: =E5*Assumptions!E17*Assumptions!E18/1000000 -> 131.72308 | F18: =F5*Assumptions!F17*Assumptions!F18/1000000 -> 166.17846 | G18: =G5*Assumptions!G17*Assumptions!G18/1000000 -> 206.53416
A19: Revenue — New Customers ($M) | B19: =B6*Assumptions!B18*(1-Assumptions!B13/365)/1000000 -> 33.665753 | C19: =C6*Assumptions!C18*(1-Assumptions!C13/365)/1000000 -> 45.410959 | D19: =D6*Assumptions!D18*(1-Assumptions!D13/365)/1000000 -> 58.586301 | E19: =E6*Assumptions!E18*(1-Assumptions!E13/365)/1000000 -> 69.753425 | F19: =F6*Assumptions!F18*(1-Assumptions!F13/365)/1000000 -> 79.40274 | G19: =G6*Assumptions!G18*(1-Assumptions!G13/365)/1000000 -> 88.027397
A20: Total Modeled Revenue ($M) | B20: =B18+B19 -> 109.82575 | C20: =C18+C19 -> 130.61496 | D20: =D18+D19 -> 162.42182 | E20: =E18+E19 -> 201.4765 | F20: =F18+F19 -> 245.5812 | G20: =G18+G19 -> 294.56156
A22: Unit Economics Summary
A23: CAC | B23: ='CAC & LTV Analysis'!B7 -> 666.66667 | C23: ='CAC & LTV Analysis'!C7 -> 800 | D23: ='CAC & LTV Analysis'!D7 -> 777.77778 | E23: ='CAC & LTV Analysis'!E7 -> 775 | F23: ='CAC & LTV Analysis'!F7 -> 767.44186 | G23: ='CAC & LTV Analysis'!G7 -> 764.44444
A24: LTV | B24: ='CAC & LTV Analysis'!B15 -> 523.63636 | C24: ='CAC & LTV Analysis'!C15 -> 590.95238 | D24: ='CAC & LTV Analysis'!D15 -> 666 | E24: ='CAC & LTV Analysis'!E15 -> 750 | F24: ='CAC & LTV Analysis'!F15 -> 844.44444 | G24: ='CAC & LTV Analysis'!G15 -> 951.17647
A25: LTV:CAC Ratio | B25: ='CAC & LTV Analysis'!B18 -> 0.78545455 | C25: ='CAC & LTV Analysis'!C18 -> 0.73869048 | D25: ='CAC & LTV Analysis'!D18 -> 0.85628571 | E25: ='CAC & LTV Analysis'!E18 -> 0.96774194 | F25: ='CAC & LTV Analysis'!F18 -> 1.1003367 | G25: ='CAC & LTV Analysis'!G18 -> 1.2442715
